 Dungeon Crawl Stone Soup version 0.20-a0-1122-gb7cbeb9 (webtiles) character file.

364 Gorglomux the Sneak (level 6, -2/30 HPs)
             Began as a Vine Stalker Assassin on May 12, 2017.
             Slain by a gnoll
             ... wielding a +0 spear
              (6 damage)
             ... on level 4 of the Dungeon.
             The game lasted 00:07:52 (2862 turns).

Gorglomux the Sneak (Vine Stalker Assassin)         Turns: 2862, Time: 00:07:53

Health: -2/30      AC:  5    Str: 14    XL:     6   Next: 67%
Magic:  0/7        EV: 11    Int: 11    God:
Gold:   148        SH:  5    Dex: 17    Spells: 5/5 levels left

rFire    . . .     SeeInvis .   a - +2 dagger
rCold    . . .     Gourm    .   (no shield)
rNeg     + . .     Faith    .   c - +0 robe
rPois    .         Spirit   +   (no helmet)
rElec    .         Reflect  +   d - +0 cloak
rCorr    .         Harm     .   k - +0 pair of gloves
MR       .....                  l - +0 pair of boots
Stlth    ++++......             m - +5 amulet of reflection
Regen    0.5/turn               E - ring of positive energy {rN+}
MPRegen  0.1/turn               (no ring)

@: no status effects
A: fangs 2, regeneration 1, magic shield, antimagic bite, no potion heal 3, rot
immunity
a: no special abilities


You were on level 4 of the Dungeon.
You were not hungry.

You visited 1 branch of the dungeon, and saw 4 of its levels.

You collected 148 gold pieces.

Inventory:

Hand Weapons
 a - a +2 dagger (weapon)
 b - a +0 blowgun
Missiles
 e - 13 poisoned needles
 f - a curare-tipped needle
 p - 40 sling bullets
 v - 91 stones (quivered)
 B - 6 needles of sleeping
Armour
 c - a +0 robe (worn)
 d - a +0 cloak (worn)
 k - a +0 pair of gloves (worn)
   (You found it on level 1 of the Dungeon)
 l - a +0 pair of boots (worn)
   (You found it on level 4 of the Dungeon)
Jewellery
 m - a +5 amulet of reflection (around neck)
   (You took it off a hobgoblin on level 1 of the Dungeon)
 E - a ring of positive energy (left hand) {rN+}
   (You found it on level 3 of the Dungeon)
Scrolls
 i - a scroll of magic mapping {unknown}
 q - 2 scrolls of enchant weapon {unknown}
 r - a scroll of fog {unknown}
 t - a scroll of immolation {unknown}
 u - a scroll of teleportation {unknown}
 w - 2 scrolls of remove curse {unknown}
 y - a scroll of noise {unknown}
 A - 2 scrolls of identify
 C - a scroll of amnesia {unknown}
 F - 2 scrolls of enchant armour {unknown}
 G - a scroll of random uselessness {unknown}
Potions
 h - a potion of curing {unknown}
 j - 3 potions of might {unknown}
 n - 2 potions of mutation {!q}
 s - 2 potions of agility {unknown}
 x - 2 potions of degeneration {unknown}
 z - 2 potions of brilliance {unknown}
 D - a potion of lignification {unknown}
Comestibles
 g - 2 bread rations {@e1@e1}
 o - 2 meat rations {@e2@e2}


   Skills:
 - Level 1.7 Fighting
 * Level 4.6 Short Blades
 - Level 1.7 Throwing
 - Level 0.7 Dodging
 * Level 7.6 Stealth


You had 5 spell levels left.
You didn't know any spells.

Dungeon Overview and Level Annotations

Branches:
Dungeon (4/15)
 Temple: D:4-7

Altars:
Okawaru


Innate Abilities, Weirdness & Mutations

You have extremely sharp teeth.
Your natural rate of healing is unusually fast.
When hurt, damage is shared between your health and your magic reserves.
Your bite disrupts and absorbs the magic of your enemies.
Potions cannot restore your health.
You are immune to rotting.


Message History

You hit the leopard gecko.
You kill the leopard gecko!
No target in view!
You see here a leopard gecko corpse.
You butcher the leopard gecko corpse.
H - a chunk of flesh {@w0@w0} Eating a chunk of flesh {@w0@w0}.
You eat the chunk of flesh {@w0@w0}.
p - 40 sling bullets (gained 23)
A quokka skeleton comes into view.
Health restored: 30; MP restored: 7 A quokka skeleton is nearby!
A quokka skeleton is nearby!
A quokka skeleton is nearby!
A quokka skeleton is nearby!
Aim: a quokka skeleton (resting)
You throw a stone. The stone hits the quokka skeleton.
Aim: a quokka skeleton (heavily damaged)
You throw a stone. The stone hits the quokka skeleton.
No target in view!
No target in view!
No target in view!
No target in view!
Found a stone staircase leading down.
No target in view!
The quokka skeleton is too close now for your liking.
You hit the quokka skeleton.
You destroy the quokka skeleton!
v - 94 stones (gained 1)
v - 95 stones (gained 1)
A gnoll comes into view. It is wielding a halberd.
Aim: a gnoll, wielding a halberd (resting)
You throw a stone.
The stone hits the gnoll but does no damage.
The gnoll shouts!
A gnoll comes into view. It is wielding a spear.
There are monsters nearby!
Aim: a gnoll, wielding a halberd You throw a stone.
The stone completely misses the gnoll.
Aim: a gnoll, wielding a spear You throw a stone.
The stone hits the gnoll but does no damage. 2 gnolls come into view.
Aim: a gnoll, wielding a halberd You throw a stone.
The gnoll shouts! x2
The stone hits the gnoll.
There are monsters nearby!
b - a +0 blowgun (weapon)
Aim: a gnoll, wielding a halberd (lightly wounded)
You shoot a poisoned needle. The poisoned needle hits the gnoll.
The gnoll is poisoned.
The gnoll barely misses you.
Aim: a gnoll, wielding a halberd (lightly wounded, poisoned)
You shoot a poisoned needle. The poisoned needle hits the gnoll.
The gnoll looks even sicker.
Aim: a gnoll, wielding a spear You shoot a poisoned needle.
The poisoned needle hits the gnoll.
The gnoll is poisoned.
The gnoll closely misses you. The gnoll barely misses you.
Unknown command.
Aim: a gnoll, wielding a spear You shoot a poisoned needle.
The poisoned needle barely misses the gnoll.
The poisoned needle hits the gnoll.
The gnoll is poisoned.
The gnoll hits you but does no damage. You block the gnoll's attack.
Aim: a gnoll, wielding a spear (poisoned)
You shoot a poisoned needle. The poisoned needle hits the gnoll.
The gnoll looks even sicker.
The gnoll hits you from afar with a spear.
You take 1 damage, and have 29/30 hp.
You now have 6/7 mp.
Aim: a gnoll, wielding a spear (lightly wounded, poisoned)
You shoot a poisoned needle. The poisoned needle hits the gnoll.
The gnoll looks even sicker.
The gnoll barely misses you.
Unknown command.
The gnoll looks more healthy.
The gnoll barely misses you.
The gnoll hits you from afar with a spear.
You take 4 damage, and have 25/30 hp.
You now have 5/7 mp.
You feel a bit more experienced.
a - a +2 dagger (weapon)
The gnoll hits you but does no damage. The gnoll closely misses you.
The gnoll throws a throwing net.
The throwing net hits you.
You become entangled in the net!
You see here a throwing net {=f, !d}.
You struggle against the net.
The gnoll hits you from afar with a spear.
You take 2 damage, and have 27/30 hp.
You tear a large gash into the net.
The gnoll looks more healthy.
The gnoll hits you from afar with a spear.
You take 1 damage, and have 26/30 hp.
You struggle against the net.
The gnoll hits you from afar with a spear! x2
* * * LOW HITPOINT WARNING * * *
You take 17 damage, and have 9/30 hp.
MASSIVE DAMAGE!!
You now have 2/7 mp.
You rip the net and break free!
The gnoll hits you from afar with a spear!
* * * LOW HITPOINT WARNING * * *
The gnoll hits you from afar with a spear!
You die...

#..#..(......#
#..#.......#.#
#..........#.#
#.#..........#
...$...#.#.#........###
.......#.#.#........#
..(....#.#.#........#
.....(.#.#.#..###+#..
...(g#.#..@..#
.(g#.#..#..#
#g#.#gg#..# #...#.g##.#
##g....##.# ##..#.###..
#......##..#
#......##..#
#......###.#


You could see 3 gnolls.

Vanquished Creatures
  Sigmund (D:2)
  2 orc wizards (D:4)
  A hound skeleton (D:4)
  A gnoll (D:4)
  5 adders (D:2)
  An ooze (D:2)
  3 worms
  5 dart slugs
  4 leopard geckos
  2 orcs (D:4)
  4 giant cockroaches
  9 goblins
  3 hobgoblins
  3 jackals (D:1)
  6 bats
  4 frilled lizards
  3 kobolds
  A quokka skeleton (D:4)
  5 rats
63 creatures vanquished.

Notes
Turn   | Place    | Note
-------+----------+-------------------------------------------
     0 | D:1      | Gorglomux the Vine Stalker Assassin began the quest for the Orb.
     0 | D:1      | Reached XP level 1. HP: 11/11 MP: 2/2
   101 | D:1      | HP: 2/11 [dart slug/slug dart (6)]
   102 | D:1      | Reached skill level 2 in Short Blades
   102 | D:1      | Reached skill level 5 in Stealth
   333 | D:1      | Reached XP level 2. HP: 12/15 MP: 3/3
   706 | D:1      | Reached XP level 3. HP: 18/18 MP: 4/4
   903 | D:2      | Noticed Sigmund
   919 | D:2      | Killed Sigmund
   919 | D:2      | Reached skill level 3 in Short Blades
   919 | D:2      | Reached skill level 6 in Stealth
   919 | D:2      | Gained mutation: Your natural rate of healing is unusually fast. [Vine Stalker growth]
   919 | D:2      | Reached XP level 4. HP: 13/23 MP: 3/5
   919 | D:2      | Reached XP level 5. HP: 14/26 MP: 3/6
   988 | D:2      | Reached skill level 7 in Stealth
  1198 | D:2      | Reached skill level 4 in Short Blades
  1214 | D:2      | Reached XP level 6. HP: 27/30 MP: 5/7
  2704 | D:4      | Found an iron altar of Okawaru.
  2862 | D:4      | HP: 4/30 [gnoll/spear (6)]
  2862 | D:4      | Slain by a gnoll

Vault maps used:
D:1:      erik_arrival_triangle_small, minmay_misc_feat_chi
D:2:      uniq_sigmund
D:3:      roderic_roman_lattice
D:4:      lemuel_crystal_altar, okawaru_metal_pillars_1_2,
          uniq_crazy_yiuf_cottage

Skill      XL: |  1  2  3  4  5 |
---------------+----------------+-----
Short Blades   | 2 3 4 |  4.6
Stealth        | 5 6 7 |  7.6
Fighting       | |  1.7
Throwing       | |  1.7
Dodging        | |  0.7

Action                   |  1- 3 |  4- 6 || total
-------------------------+-------+-------++-------
Melee: Dagger            |    57 |    98 ||   155
       Bite              |    14 |    19 ||    33
 Fire: Blowgun           |     5 |    42 ||    47
Throw: Stone             |     9 |    60 ||    69
  Use: Scroll            |     2 |       ||     2
 Stab: Sleeping          |     1 |     4 ||     5
  Eat: Chunk             |       |     6 ||     6
Armor: Robe              |    17 |    18 ||    35
Dodge: Dodged            |    20 |    28 ||    48
Block: Other             |     1 |    12 ||    13

Vault maps used:
D:1:      erik_arrival_triangle_small, minmay_misc_feat_chi
D:2:      uniq_sigmund
D:3:      roderic_roman_lattice
D:4:      lemuel_crystal_altar, okawaru_metal_pillars_1_2,
          uniq_crazy_yiuf_cottage

Table legend:
 A = Turns spent in this place as a percentage of turns spent in the entire game.
 B = Non-inter-level travel turns spent in this place as a percentage of non-inter-level travel turns spent in the entire game.
 C = Inter-level travel turns spent in this place as a percentage of turns spent in this place.
 D = Turns resting spent in this place as a percentage of non-inter-level travel turns spent in this place.
 E = Turns spent auto-exploring this place as a percentage of non-inter-level travel turns spent in this place.
 F = Non-inter-level travel turns spent in this place divided by the number of levels of this place that you've seen.
                   A       B       C       D       E      F
               +-------+-------+-------+-------+-------+----------------------
         Total | 100.0 | 100.0 |   0.3 |   1.3 |   9.2 | 263.2
       Dungeon | 100.0 | 100.0 |   0.3 |   1.3 |   9.2 | 263.2
               +-------+-------+-------+-------+-------+----------------------

Table legend:
 A = Kills in this place as a percentage of kills in entire the game.
 B = Kills by you in this place as a percentage of kills by you in the entire game.
 C = Kills by friends in this place as a percentage of kills by friends in the entire game.
 D = Other kills in this place as a percentage of other kills in the entire game.
 E = Experience gained in this place as a percentage of experience gained in the entire game.
 F = Experience gained in this place divided by the number of levels of this place that you have seen.
                   A       B       C       D       E      F
               +-------+-------+-------+-------+-------+----------------------
         Total | 100.0 | 100.0 |  -nan |  -nan | 100.0 | 130.0
       Dungeon | 100.0 | 100.0 |  -nan |  -nan | 100.0 | 130.0
               +-------+-------+-------+-------+-------+----------------------
